 Dungeon Crawl Stone Soup version 0.31-a0-188-g5e087ee2ca (webtiles) character file.

Game seed: 1611995465259853079

133 qw the Skirmisher (level 4, -4/25 HPs)
             Began as a Deep Elf Hunter on June 23, 2023.
             Slain by a hornet (12 damage)
             ... on level 4 of the Dungeon.
             The game lasted 00:00:44 (2213 turns).

qw the Skirmisher (Deep Elf Hunter)                 Turns: 2213, Time: 00:00:44

Health: -4/25      AC:  6    Str: 10    XL:     4   Next: 93%
Magic:  6/6        EV: 12    Int: 14    God:
Gold:   264        SH:  0    Dex: 18    Spells: 3/3 levels left

rFire   . . .        Y - +1 longbow (freeze)
rCold   . . .        (shield currently unavailable)
rNeg    . . .        c - +0 leather armour
rPois   .            j - +2 helmet
rElec   .            (no cloak)
rCorr   .            (no gloves)
SInv    .            (no boots)
Will    .....        (no amulet)
Stlth   ++           (no ring)
HPRegen 0.24/turn    (no ring)
MPRegen 0.10/turn

%: no passive effects
@: lethally poisoned (-4 -> -6)
A: no striking features
a: no special abilities


You were on level 4 of the Dungeon.
You visited 1 branch of the dungeon, and saw 4 of its levels.

You collected 264 gold pieces.


   Skills:
 - Level 1.5 Fighting
 + Level 8.3 Ranged Weapons
 - Level 2.4 Dodging
 - Level 1.2 Stealth


You had 3 spell levels left.
You didn't know any spells.
Your spell library was empty.

Inventory:

Hand Weapons
 Y - a +1 longbow of freezing (weapon)
Armour
 a - a +0 ring mail
 c - a +0 leather armour (worn)
 j - a +2 helmet (worn)
Wands
 m - a wand of digging (2)
Scrolls
 b - a scroll of identify
 i - a scroll of teleportation
Potions
 e - 2 potions of curing
 h - 2 potions of enlightenment

Dungeon Overview and Level Annotations

Branches:
Dungeon (4/15)
 Temple: D:4-7

Altars:
Elyvilon
Gozag

Annotations:
D:4 Edmund


Message History

You open the door.
There is an open door here.
The adder hisses angrily.
Enter note: You shoot an arrow.
The arrow closely misses the adder.
The adder barely misses you.
You shoot an arrow. The arrow hits the adder!!
The arrow freezes the adder.
You kill the adder!
You see here an adder corpse.
Found a stone staircase leading down.
Enter note:
Enter note:
Enter note:
Enter note: A hornet comes into view.
Enter note:
Enter note:
Enter note:
Enter note: You shoot an arrow.
The arrow closely misses the hornet.
The hornet buzzes angrily.
You shoot an arrow. The arrow hits the hornet!
The arrow freezes the hornet.
The hornet is moderately wounded.
The hornet closely misses you. The hornet stings you!
You are poisoned.
You feel yourself slow down.
You shoot an arrow.
The arrow hits the hornet but does no damage.
The hornet is moderately wounded.
You feel yourself speed up.
You feel very sick.
The hornet stings you but does no damage.
The hornet completely misses you. The hornet closely misses you.
You shoot an arrow.
The arrow hits the hornet but does no damage.
The hornet is moderately wounded.
You feel sick. The hornet barely misses you. x2
You shoot an arrow. The arrow barely misses the hornet.
You feel sick. The hornet stings you!
You die...

.# #.# #.# .# #.# #.#
.# ########.## #.# .#
#......%..## .#
#.####.....# .# #.#
##...##
#>##.########.### ### #
#.......###.###.###.###
####.#@y.#@#.#.#.#.#.#.
#.##..#S#.#.#.#.#.#.
#.# ##.###.###.###.#
#.. ####### ####### ###
#.# #... #.# #.## #.#
####.## #########.#
#......
######.........##
#.##.#.


You could see a hornet.

Vanquished Creatures
  An orc priest (D:3)
  3 adders
  2 worms (D:2)
  4 dart slugs
  2 orcs (D:3)
  6 ball pythons
  4 endoplasms
  2 giant cockroaches (D:1)
  3 goblins
  4 hobgoblins
  10 jackals
  4 kobolds
  3 quokkas (D:1)
  6 bats
  3 frilled lizards
  2 rats
59 creatures vanquished.

Notes
Turn   | Place    | Note
-------+----------+-------------------------------------------
     0 | D:1      | qw the Deep Elf Hunter began the quest for the Orb.
     0 | D:1      | Reached XP level 1. HP: 12/12 MP: 3/3
     0 | D:1      | 0 ||| qw: Version: 0.3-a-9-g12657ce
     0 | D:1      | 0 ||| qw: Game counter: 3883
     0 | D:1      | 0 ||| qw: Always use a shield: true
     0 | D:1      | 0 ||| qw: God list: Okawaru
     0 | D:1      | 0 ||| qw: Allow faded altars: false
     0 | D:1      | 0 ||| qw: Do Orc after D:15 true
     0 | D:1      | 0 ||| qw: Do second Lair branch before Depths: true
     0 | D:1      | 0 ||| qw: Lair rune preference: random
     0 | D:1      | 0 ||| qw: Plans: Normal
     0 | D:1      | 0 ||| PLANNING D:1-11
   234 | D:1      | Reached XP level 2. HP: 16/16 MP: 4/4
   238 | D:1      | Reached skill level 6 in Ranged Weapons
   304 | D:1      | 304 ||| FLEEEEING.
   425 | D:1      | Reached XP level 3. HP: 15/20 MP: 5/5
   643 | D:1      | 643 ||| UPGRADING to +2 helmet.
   648 | D:1      | 648 ||| READING scroll labelled PIEBBU GOHEMEU.
   649 | D:1      | 649 ||| READING scroll labelled TARIFO CAMUSH.
   650 | D:1      | 650 ||| READING scroll labelled FEELITW BIYS.
   651 | D:1      | 651 ||| DRINKING 2 blue potions.
   652 | D:1      | 652 ||| DRINKING 2 black potions.
   653 | D:1      | 653 ||| DROPPING scroll of butterflies.
   839 | D:2      | Reached skill level 7 in Ranged Weapons
   890 | D:2      | Found a faded altar of an unknown god.
  1125 | D:2      | 1125 ||| READING 2 scrolls labelled ACATROMNAFF.
  1126 | D:2      | 1126 ||| READING scroll labelled WIUQIG DYROWO.
  1126 | D:2      | Identified a scroll of acquirement
  1126 | D:2      | 1126 ||| ACQUIRING +0 longbow of freezing
  1126 | D:2      | Acquired a +0 longbow of freezing
  1128 | D:2      | 1128 ||| SWAPPING to +0 longbow of freezing.
  1129 | D:2      | 1129 ||| DROPPING +0 heavy shortbow.
  1130 | D:2      | 1130 ||| READING scroll labelled DUIJOSMIMUPS.
  1231 | D:2      | 1231 ||| READING 2 scrolls labelled ZOBLIE RADO.
  1236 | D:2      | 1236 ||| DRINKING 2 orange potions.
  1290 | D:3      | Reached XP level 4. HP: 25/25 MP: 6/6
  1358 | D:3      | Found an opulent altar of Gozag.
  1426 | D:3      | Reached skill level 8 in Ranged Weapons
  1800 | D:3      | 1800 ||| READING scroll labelled MIOCWA DIDU.
  1801 | D:3      | 1801 ||| READING scroll labelled BOOC KIKHIRCH.
  1802 | D:3      | 1802 ||| READING scroll labelled LOZXAORIXEI.
  1803 | D:3      | 1803 ||| READING scroll labelled SUCHEY QICLI.
  1804 | D:3      | 1804 ||| READING scroll labelled QECUSHR FITZ.
  1805 | D:3      | 1805 ||| READING 2 scrolls of identify.
  1805 | D:3      | 1805 ||| IDENTIFYING red potion
  1806 | D:3      | 1806 ||| DROPPING potion of brilliance.
  1808 | D:3      | 1808 ||| Stepping ~*~*~tactically~*~*~ (cloud).
  1883 | D:4      | Found a white marble altar of Elyvilon.
  1958 | D:4      | Noticed Edmund
  1960 | D:4      | HP: 2/25 [Edmund/+4 dire flail of protection (16)]
  1961 | D:4      | 1961 ||| READING 2 scrolls of teleportation.
  1962 | D:4      | 1962 ||| DRINKING potion of heal wounds.
  2208 | D:4      | Noticed a hornet
  2213 | D:4      | Slain by a hornet

Levels and vault maps discovered:
D:1:      amcnicky_arrival_underground_garden, layout_loops_ring
D:2:      layout_basic, ebering_ecumenical_altar_rust
D:3:      layout_loops_cross, amcnicky_altar_gilded
D:4:      layout_loops_corners, nicolae_elyvilon_peaceful_grove,
          grunt_decor_resistance, minmay_manual_mail, uniq_edmund

Skill      XL: |  1  2  3  4 |
---------------+-------------+-----
Ranged Weapons | 6 7 8 |  8.3
Fighting       | |  1.5
Dodging        | |  2.4
Stealth        | |  1.2

Action                     |  1- 3 |  4- 6 || total
---------------------------+-------+-------++-------
   Fire: Shortbow          |    82 |       ||    82
         Longbow           |     7 |    34 ||    41
    Use: Scroll            |     7 |     7 ||    14
         Potion            |     3 |     1 ||     4
 Armour: Leather armour    |     8 |     2 ||    10
  Dodge: Dodged            |    14 |    10 ||    24

Table legend:
 A = Non-vault XP
 B = Vault XP
 C = Vault XP percentage of total XP
 D = Non-vault monster count
 E = Vault monster count
 F = Vault count percentage of total count
                 A         B        C        D         E       F
            +---------+---------+-------+---------+---------+-------
      Total |     190 |       0 |   0.0 |      59 |       0 |   0.0
            +---------+---------+-------+---------+---------+-------
        D:1 |      55 |       0 |   0.0 |      28 |       0 |   0.0
        D:2 |      35 |       0 |   0.0 |      12 |       0 |   0.0
        D:3 |      80 |       0 |   0.0 |      15 |       0 |   0.0
        D:4 |      20 |       0 |   0.0 |       4 |       0 |   0.0
            +---------+---------+-------+---------+---------+-------
